 Dungeon Crawl Stone Soup version 0.24.1-14-gf8d2b509d9 (console) character file.

Game seed: 2054784228790222157, levelgen mode: deterministic

84 Kagalorn the Skirmisher (level 4, 0/61 HPs)
             Began as a Gnoll Wanderer on Nov 23, 2022.
             Killed from afar by an orc wizard (4 damage)
             ... with a magic dart
             ... on level 2 of the Dungeon.
             The game lasted 00:04:44 (1596 turns).

Kagalorn the Skirmisher (Gnoll Wanderer)            Turns: 1596, Time: 00:04:44

Health: 0/61       AC: 22    Str: 16    XL:     4   Next: 45%
Magic:  8/8        EV:  2    Int: 15    God:
Gold:   107        SH:  0    Dex: 13    Spells: 9/9 levels left

rFire    . . .     SeeInvis .   a - +0 dagger
rCold    . . .     Gourm    .   (no shield)
rNeg     + + +     Faith    .   (armour currently unavailable)
rPois    +         Spirit   .   (helmet currently unavailable)
rElec    .         Reflect  .   (cloak currently unavailable)
rCorr    .         Harm     .   (gloves currently unavailable)
MR       .....     NoTele   +   (boots currently unavailable)
Stlth    ++........             (no amulet)
HPRegen  0.20/turn              h - ring of wizardry
MPRegen  0.11/turn              (no ring)

@: tree-form
A: distributed training, strong nose
a: no special abilities


You were on level 2 of the Dungeon.
You were hungry.
You were a tree.
You visited 1 branch of the dungeon, and saw 3 of its levels.

You collected 107 gold pieces.

Inventory:

Hand Weapons
 a - a +0 dagger (weapon)
 b - a +0 shortbow
 i - a +1 hand axe of electrocution
Missiles
 c - 26 arrows
 e - 129 stones
 k - 24 bolts
 n - 19 poisoned darts (quivered)
Armour
 g - a +2 scale mail (melded)
Jewellery
 h - a ring of wizardry (left branch)
Wands
 r - a wand of polymorph (6)
Scrolls
 d - 3 scrolls of magic mapping {unknown}
 l - a scroll of enchant weapon {unknown}
 m - a scroll of blinking {unknown}
 o - a scroll of remove curse {unknown}
 q - a scroll of amnesia {unknown}
 s - 2 scrolls of identify {unknown}
Potions
 j - a potion of magic {unknown}
 p - a potion of lignification
 t - a potion of curing {unknown}
 u - a potion of might {unknown}
Comestibles
 f - 5 rations


   Skills:
 + Level 6.6 Fighting
 + Level 1.1 Short Blades
 + Level 1.1 Long Blades
 + Level 1.1 Axes
 + Level 2.7 Maces & Flails
 + Level 1.1 Polearms
 + Level 1.1 Staves
 + Level 1.1 Slings
 + Level 1.1 Bows
 + Level 1.1 Crossbows
 + Level 1.1 Throwing
 + Level 2.7 Armour
 + Level 1.1 Dodging
 + Level 2.5 Stealth
 + Level 1.1 Shields
 + Level 1.1 Unarmed Combat
 + Level 3.0 Spellcasting
 + Level 3.8 Conjurations
 + Level 0.9 Hexes
 + Level 0.9 Charms
 + Level 0.9 Summonings
 + Level 0.9 Necromancy
 + Level 0.9 Translocations
 + Level 0.9 Transmutations
 + Level 0.9 Fire Magic
 + Level 0.9 Ice Magic
 + Level 0.9 Air Magic
 + Level 0.9 Earth Magic
 + Level 0.9 Poison Magic
 + Level 1.2 Invocations
 + Level 2.7 Evocations


You had 9 spell levels left.
You didn't know any spells.
Your spell library contained the following spells:

 Spells                   Type           Power        Failure   Level  Hunger
 Searing Ray              Conj           ##....       2%          2    ##.....
 Throw Flame              Conj/Fire      #.....       4%          2    ##.....


Dungeon Overview and Level Annotations

Branches:
Dungeon (3/15)

Altars:
Uskayaw


Innate Abilities, Weirdness & Mutations

Your experience applies equally to all skills.
((You have very sharp teeth.))
Your uncanny sense of smell can sniff out nearby items.


Message History

The orc wizard hits you but does no damage.
You closely miss the orc wizard.
The orc wizard is lightly wounded.
Something hits you but does no damage.
The orc wizard gestures wildly while chanting.
The orc wizard seems to speed up.
You hit the orc wizard but do no damage.
The orc wizard is lightly wounded.
The orc wizard hits you but does no damage.
Something hits you.
* * * LOW HITPOINT WARNING * * *
You hit the orc wizard.
The orc wizard is moderately wounded.
The orc wizard gestures at you while chanting.
The magic dart hits you!
* * * LOW HITPOINT WARNING * * *
You hear some strange, mumbled words.
A magic dart appears from out of thin air!
The magic dart hits you.
You die...

#.# ###### #.# #....# #.#
######....# #.# #...##....#
#.#######...##....#
............##....#
#...........##....#
.....####...##.{).#
................♣.#######
####.##.######.o........#
........................#
.....##.#######.........####
#######.###.....#).........#
†.............#.#..........#
#######.#.....#.#..........#
..............#.#..........#
#.......#.....#.#..........#


You could see an orc wizard.

Vanquished Creatures
  3 adders (D:2)
  2 dart slugs (D:1)
  An orc (D:2)
  2 giant cockroaches (D:1)
  4 goblins
  4 hobgoblins
  10 jackals
  A ball python (D:2)
  9 bats
  2 frilled lizards (D:2)
  8 kobolds
  4 rats (D:2)
50 creatures vanquished.

Notes
Turn   | Place    | Note
-------+----------+-------------------------------------------
     0 | D:1      | Kagalorn the Gnoll Wanderer began the quest for the Orb.
     0 | D:1      | Kagalorn set off with the following items: a +0 shortbow, a
                  | +2 scale mail, 29 arrows, a ration; and the following
                  | spells available to memorise: Searing Ray, Throw Flame
     0 | D:1      | Reached XP level 1. HP: 23/23 MP: 4/4
   134 | D:1      | Reached XP level 2. HP: 20/29 MP: 5/5
   451 | D:1      | Reached XP level 3. HP: 34/35 MP: 7/7
   702 | D:2      | Reached skill level 1 in Invocations
   872 | D:2      | Reached skill level 1 in Short Blades
   872 | D:2      | Reached skill level 1 in Long Blades
   872 | D:2      | Reached skill level 1 in Axes
   872 | D:2      | Reached skill level 1 in Polearms
   872 | D:2      | Reached skill level 1 in Staves
   872 | D:2      | Reached skill level 1 in Slings
   872 | D:2      | Reached skill level 1 in Bows
   872 | D:2      | Reached skill level 1 in Crossbows
   872 | D:2      | Reached skill level 1 in Throwing
   872 | D:2      | Reached skill level 1 in Dodging
   872 | D:2      | Reached skill level 1 in Shields
   872 | D:2      | Reached skill level 1 in Unarmed Combat
   872 | D:2      | Reached XP level 4. HP: 35/41 MP: 8/8
  1359 | D:2      | Found a hide-covered altar of Uskayaw.
  1596 | D:2      | Killed from afar by an orc wizard

Levels and vault maps discovered:
D:1:      minmay_arrival_four_circles, layout_basic, nrook_uturn, minivault_11
D:2:      layout_basic, eat_drink_and_be_merry_uskayaw
D:3:      layout_loops_corners, makhleb_heckhound_becter, marbit_many_paths

Skill      XL: |  1  2  3  4 |
---------------+-------------+-----
Invocations    | 1 |  1.2
Short Blades   | 1 |  1.1
Long Blades    | 1 |  1.1
Axes           | 1 |  1.1
Polearms       | 1 |  1.1
Staves         | 1 |  1.1
Slings         | 1 |  1.1
Bows           | 1 |  1.1
Crossbows      | 1 |  1.1
Throwing       | 1 |  1.1
Dodging        | 1 |  1.1
Shields        | 1 |  1.1
Unarmed Combat | 1 |  1.1
Spellcasting   | 3 |  3.0
Fighting       | |  6.6
Maces & Flails | |  2.7
Armour         | |  2.7
Stealth        | |  2.5
Conjurations   | |  3.8
Hexes          | |  0.9
Charms         | |  0.9
Summonings     | |  0.9
Necromancy     | |  0.9
Translocations | |  0.9
Transmutations | |  0.9
Fire Magic     | |  0.9
Ice Magic      | |  0.9
Air Magic      | |  0.9
Earth Magic    | |  0.9
Poison Magic   | |  0.9
Evocations     | |  2.7

Action                   |  1- 3 |  4- 6 || total
-------------------------+-------+-------++-------
Melee: Dagger            |   212 |    84 ||   296
       Bite              |    26 |     7 ||    33
       Unarmed           |     2 |       ||     2
       Punch             |     1 |       ||     1
 Fire: Shortbow          |    10 |       ||    10
Throw: Dart              |     1 |       ||     1
  Use: Potion            |       |     1 ||     1
  Eat: Chunk             |       |     2 ||     2
Armor: Scale mail        |   120 |    63 ||   183
       Skin              |       |     4 ||     4
Dodge: Dodged            |   111 |    45 ||   156
